 Dungeon Crawl Stone Soup version 0.25-a0-366-g516bc45ae0 (webtiles) character file.

Game seed: 2502837723710287396, levelgen mode: deterministic

160267 mireikiritani the Severer (level 18, -20/154 HPs)
             Began as a Formicid Fighter on Jan 6, 2020.
             Was the Champion of Qazlal.
             Demolished by an emperor scorpion (21 damage)
             ... on level 4 of the Spider Nest.
             The game lasted 01:31:53 (34268 turns).

mireikiritani the Severer (Formicid Fighter)       Turns: 34268, Time: 01:31:54

Health: -20/154    AC: 35    Str: 25    XL:     18   Next: 39%
Magic:  0/26       EV:  8    Int: 12    God:    Qazlal [******]
Gold:   2312       SH: 20    Dex: 12    Spells: 12/17 levels left

rFire    . . .     SeeInvis +   a - +9 battleaxe (protect)
rCold    . . .     Gourm    .   c - +0 shield
rNeg     . . .     Faith    .   k - +10 plate armour of the Beggar {Dex+2}
rPois    .         Spirit   .   (helmet unavailable)
rElec    .         Reflect  .   T - +2 cloak {MR+}
rCorr    +         Harm     .   A - +1 pair of gloves
MR       +++..                  s - +2 pair of boots {Fly}
Stlth    ..........             j - amulet of the acrobat
HPRegen  0.35/turn              F - ring of resist corrosion
MPRegen  0.20/turn              z - ring of protection from magic

@: lethally poisoned (-20 -> -98), protected from physical damage, flying, repel
missiles
A: permanent stasis, dig shafts and tunnels, four strong arms, antennae 3,
deformed body, shaggy fur 1, wild magic 1, evolution 1, MP-powered wands
a: Dig, Shaft Self, Upheaval, Elemental Force, Disaster Area, Renounce Religion,
Stop Flying


You were on level 4 of the Spider Nest.
You worshipped Qazlal.
Qazlal was exalted by your worship.
You were hungry.

You visited 4 branches of the dungeon, and saw 27 of its levels.
You also visited: Ossuary, Gauntlet and Ice Cave.

You collected 3136 gold pieces.
You spent 824 gold pieces at shops.

Inventory:

Hand Weapons
 a - a +9 battleaxe of protection (weapon)
 b - the +6 hand axe "Gifiat" {flame, rElec Int+4}
   (You found it on level 8 of the Dungeon)

   It has been specially enchanted to burn those struck by it, causing extra
   injury to most foes and up to half again as much damage against particularly
   susceptible opponents.
   Big, fiery blades are also staple armaments of hydra-hunters.
   It affects your intelligence (+4).
   It insulates you from electricity.
 O - a +4 war axe of freezing
Missiles
 q - 28 poisoned darts (quivered)
 w - 41 boomerangs
 D - 5 curare-tipped darts
 G - 4 throwing nets
 S - 18 javelins
Armour
 c - a +0 shield (worn)
 k - the +10 plate armour of the Beggar (worn) {Dex+2}
   (You found it on level 4 of the Lair of Beasts)

   It affects your dexterity (+2).
 s - a +2 pair of boots of flying (worn)
 A - a +1 pair of gloves (worn)
 R - the +0 pair of gloves "Zidinea" {+Blink rElec}
   (You found it in a Gauntlet)

   It insulates you from electricity.
   It lets you blink.
 T - a +2 cloak of magic resistance (worn)
Jewellery
 j - an amulet of the acrobat (around neck)
 o - an uncursed ring of ice
 z - a ring of protection from magic (right hand)
 F - a ring of resist corrosion (left hand)
 X - an uncursed ring of ice
Wands
 y - a wand of iceblast (15)
 C - a wand of paralysis (17)
 Q - a wand of acid (9)
 U - a wand of polymorph (11)
Scrolls
 e - 5 scrolls of amnesia
 i - 4 scrolls of enchant armour
 p - a scroll of magic mapping
 r - 17 scrolls of remove curse
 t - 3 scrolls of fear
 x - 2 scrolls of identify
 K - 7 scrolls of fog
 M - 5 scrolls of enchant weapon
 P - 7 scrolls of immolation
 Z - a scroll of summoning
Potions
 d - 8 potions of curing
 g - 3 potions of invisibility
 l - 2 potions of ambrosia
 m - 6 potions of brilliance
 n - 5 potions of lignification
 u - 5 potions of agility
 v - 5 potions of resistance
 B - 4 potions of might
 H - a potion of cancellation
 J - 6 potions of heal wounds
 N - 3 potions of magic
Miscellaneous
 L - a phantom mirror
 Y - a lightning rod (4/4)
Comestibles
 f - 39 rations
 h - 4 chunks of flesh


   Skills:
 * Level 17.1 Fighting
 + Level 18.2 Axes
 + Level 7.5 Throwing
 * Level 15.2 Armour
 - Level 9.0 Shields
 - Level 10.8 Invocations
 + Level 0.6 Evocations


You had 12 spell levels left.
You knew the following spells:

 Your Spells              Type           Power        Failure   Level  Hunger
a - Borgnjor's Vile Clut  Necr/Erth      #.........   100%        5    ######.

Your spell library contained the following spells:

 Spells                   Type           Power        Failure   Level  Hunger
 Animate Skeleton         Necr           N/A          96%         1    ##.....
 Apportation              Tloc           #.....       96%         1    ##.....
 Confusing Touch          Hex            #.....       96%         1    ##.....
 Foxfire                  Conj/Fire      #...         96%         1    ##.....
 Freeze                   Ice            #...         96%         1    ##.....
 Sandblast                Erth           #.....       96%         1    ##.....
 Shock                    Conj/Air       #...         96%         1    ##.....
 Summon Small Mammal      Summ           #...         96%         1    ##.....
 Passwall                 Tmut/Erth      #.......     99%         2    ###....
 Sublimation of Blood     Necr           #.........   99%         2    ###....
 Swiftness                Chrm/Air       #.......     99%         2    ###....
 Confuse                  Hex            #.......     100%        3    ####...
 Conjure Flame            Conj/Fire      #.......     100%        3    ####...
 Gell's Gravitas          Tloc           #.........   100%        3    ####...
 Ignite Poison            Fire/Tmut/Pois #.......     100%        3    ####...
 Inner Flame              Hex/Fire       #.......     100%        3    ####...
 Ozocubu's Armour         Chrm/Ice       #.......     100%        3    ####...
 Recall                   Summ/Tloc      N/A          100%        3    ####...
 Static Discharge         Conj/Air       #.......     100%        3    ####...
 Stone Arrow              Conj/Erth      #.....       100%        3    ####...
 Airstrike                Air            #.........   100%        4    #####..
 Animate Dead             Necr           N/A          100%        4    #####..
 Hailstorm                Conj/Ice       #.......     100%        4    #####..
 Petrify                  Tmut/Erth      #.......     100%        4    #####..
 Sticky Flame             Conj/Fire      #.......     100%        4    #####..
 Summon Ice Beast         Ice/Summ       #.......     100%        4    #####..
 Summon Lightning Spire   Summ/Air       #.......     100%        4    #####..
 Alistair's Intoxication  Tmut/Pois      #.......     100%        5    ######.
 Fireball                 Conj/Fire      #.........   100%        5    ######.
 Irradiate                Conj/Tmut      #.........   100%        5    ######.
 Lee's Rapid Deconstruct  Erth           #.........   100%        5    ######.
 Lightning Bolt           Conj/Air       #.........   100%        5    ######.
 Metabolic Englaciation   Hex/Ice        #.........   100%        5    ######.
 Silence                  Hex/Air        #.........   100%        5    ######.
 Yara's Violent Unravell  Hex/Tmut       #.........   100%        5    ######.
 Conjure Ball Lightning   Conj/Air       #.........   100%        6    #######
 Death Channel            Necr           #.........   100%        6    #######
 Deflect Missiles         Chrm/Air       #.........   100%        6    #######
 Eringya's Noxious Bog    Tmut/Pois      #.........   100%        6    #######
 Hydra Form               Tmut           #.........   100%        6    #######
 Simulacrum               Ice/Necr       #.........   100%        6    #######
 Statue Form              Tmut/Erth      #........    100%        6    #######
 Dragon Form              Tmut           #.........   100%        7    #######
 Tornado                  Air            #.........   100%        9    #######


Dungeon Overview and Level Annotations

Branches:
Dungeon (15/15)            Temple (0/1) D:7            Lair (6/6) D:9
 Shoals (0/4) Lair:2       Spider (4/4) Lair:2        Slime (0/5) Lair:5
    Orc (2/2) D:10            Elf (0/3) Orc:2        Vaults (0/5) D:14
 Depths (0/5) D:15        Ossuary (visited)           IceCv (visited)
Gauntlet (visited)

Altars:
Ashenzari
Dithmenos
Elyvilon
Fedhas
Kikubaaqudgha
Nemelex Xobeh
Okawaru
Qazlal
Sif Muna
Trog
Uskayaw
Vehumet
Wu Jian
Xom
Yredelemnul
Zin
Beogh
Jiyva

Shops:
D:12 *[}   Orc:2 [?%%

Annotations:
D:7 exclusion: downstairs
D:10 1 runed translucent door, Gruesome's ghost, journeyman OpFi
Lair:3 1 runed translucent door, Wiebster667's ghost, journeyman MiFi


Innate Abilities, Weirdness & Mutations

You cannot be hasted, slowed, berserked, paralysed or teleported.
You can dig through walls and to a lower floor.
Your four strong arms can wield two-handed weapons with a shield.
You have a pair of large antennae on your head. (SInv)
Armour fits poorly on your strangely shaped body.
You are covered in fur. (AC +1)
Your spells are a little harder to cast, but a little more powerful.
You evolve.
You expend magic power (3 MP) to strengthen your wands.


Message History

As you read the scroll of fear, it crumbles to dust.
You assume a fearsome visage.
The ghost moth looks frightened!
The spark wasp looks frightened!
The hornet looks frightened!
* * * LOW HITPOINT WARNING * * *
You feel very sick.
You block the emperor scorpion's attack.
The emperor scorpion claws you!
* * * LOW HITPOINT WARNING * * *
The emperor scorpion claws you but does no damage.
The hornet is struck by lightning.
You kill the hornet!
Qazlal accepts your kill.
The spark wasp is engulfed in freezing vapours.
The emperor scorpion stings you.
* * * LOW HITPOINT WARNING * * *
You are more poisoned.
The emperor scorpion poisons you!
The emperor scorpion claws you but does no damage. x2
The emperor scorpion stings you!!
You die...

##### #### ###≈°.#
#≈≈#######.yyy§#####
..≈≈≈#≈...≈...○s○^≈###
..≈≈≈≈...##{{##s@..≈≈######
#.##...≈###.^##≈≈#°..≈#≈≈≈###
###^...## #≈..#####≈..≈≈≈≈≈≈.
#≈..≈# ##{{# #≈^..≈##≈
##≈.≈## y#{'#y ##.≈..≈#
##≈†≈## .##.. ###≈.≈###
#..≈#### .. ...# ##..≈≈##
#≈.≈#..# ... .^.+ #....≈##
#.≈≈≈≈.##### ### ####≈≈..≈#


You could see 2 emperor scorpions, a ghost moth (fleeing), a spark wasp
(fleeing) and a hornet (fleeing).

Vanquished Creatures
  Mara (Spider:4)
  Saint Roka (Orc:2)
  The ghost of bmfx the Warrior, an adept OgEn of Ashenzari (Spider:2)
  Kirke (D:12)
  A fire giant (D:15)
  A ghost moth (Spider:4)
  6 emperor scorpions
  A stone giant (Orc:1)
  A reaper (IceCv)
  A minotaur (Gauntlet)
  A spark wasp (Spider:2)
  An ogre mage (D:14)
  An ice dragon (Lair:6)
  Harold (D:7)
  4 vault guards (D:14)
  Erolcha (D:9)
  7 hydras
  Fannar (D:10)
  4 centaur warriors
  A death knight (D:15)
  3 two-headed ogres
  An orc high priest (Orc:1)
  A thrashing horror (Gauntlet)
  Urug (Lair:2)
  5 hell knights (D:12)
  Nergalle (Orc:1)
  Sonja (D:13)
  2 unseen horrors
  A deep elf archer (D:14)
  A wizard (Gauntlet)
  A swamp dragon (Lair:6)
  A wolf spider zombie (D:13)
  4 orc knights
  Pikel (D:4)
  2 necromancers (D:12)
  24 orb spiders
  A lindwurm (Lair:6)
  A deep elf mage (D:12)
  8 ugly things
  An orc sorcerer (Orc:2)
  26 wolf spiders
  A manticore (D:11)
  4 cyclopes
  A moth of wrath (Spider:2)
  2 black mambas
  2 ice statues (IceCv)
  Maurice (Orc:2)
  A centaur skeleton (D:12)
  2 gargoyles
  5 torpor snails (Lair:6)
  10 spiny frogs
  6 komodo dragons
  A kobold demonologist (D:11)
  13 demonic crawlers
  6 trolls
  8 ice devils (IceCv)
  3 tengu conjurers
  27 jumping spiders
  A wolf spider simulacrum (D:14)
  12 hornets
  A polar bear (D:14)
  4 tyrant leeches (Lair:6)
  9 blink frogs
  12 hippogriffs
  80 redbacks
  36 tarantellas
  2 wraiths (Orc:1)
  2 wyverns
  A human (D:14)
  A steam dragon (Lair:6)
  36 yaks
  3 hogs (D:12)
  2 hungry ghosts
  A vampire mosquito (D:14)
  2 soldier ants
  8 wargs
  4 acid dragons
  3 swamp worms (Gauntlet)
  15 water moccasins
  7 hell hounds (D:12)
  37 orc warriors
  7 porcupines
  8 ice beasts
  2 slaves (D:4)
  3 swamp drakes (Lair:6)
  A black bear (D:11)
  3 necrophages
  5 sky beasts
  An eye of draining (D:15)
  2 phantoms
  12 ogres
  7 wolves
  20 centaurs
  13 crocodiles
  4 small abominations (Gauntlet)
  15 bullfrogs
  7 big kobolds
  A wyvern zombie (D:10)
  29 scorpions
  3 wyvern skeletons
  7 electric eels
  4 killer bees (D:12)
  10 wights
  5 howler monkeys
  4 centaur zombies
  16 crimson imps
  2 bullfrog zombies
  2 human zombies (Ossuary)
  A quasit (D:10)
  Crazy Yiuf (D:2)
  2 bullfrog skeletons
  12 hounds
  5 jellies
  24 orc wizards
  26 orc priests
  6 iguanas
  12 worker ants
  4 hell rats (Lair:2)
  A big kobold zombie (Ossuary)
  A hound zombie (D:5)
  4 hound skeletons
  5 mummies
  7 gnolls
  7 adders
  2 shadow imps
  12 white imps
  9 ufetubi
  7 oozes
  3 adder zombies
  2 adder skeletons (D:4)
  2 worms (D:2)
  6 leopard geckos
  98 orcs
  10 giant cockroaches
  A gnoll zombie (Ossuary)
  16 goblins
  9 hobgoblins
  13 jackals
  37 kobolds
  3 quokkas
  4 ball pythons
  11 bats
  4 frilled lizards
  3 goblin zombies
  A hobgoblin zombie (Ossuary)
  An orc zombie (D:8)
  A quokka skeleton (D:6)
  A quokka zombie (D:6)
  11 rats
  A fungus (Lair:1)
  4 plants
1079 creatures vanquished.

Vanquished Creatures (collateral kills)
  Rupert (D:13)
  A fire dragon (Lair:6)
  Josephine (Orc:1)
  An ugly thing (D:13)
  A gargoyle (D:10)
  A redback (Spider:3)
  A wraith (Orc:1)
  A yak (Lair:6)
  A wyvern (D:8)
  A warg (Orc:1)
  An acid dragon (Lair:6)
  A water moccasin (Lair:6)
  A scorpion (Spider:3)
  A worker ant (D:13)
  An orc (D:10)
15 creatures vanquished.

Vanquished Creatures (others)
  A tarantella (Spider:3)
  A redback (Spider:4)
  A human (D:12)
  A scorpion (Spider:3)
  An orc wizard (D:9)
  2 white imps (IceCv)
  An ufetubus (IceCv)
  5 fungi (Lair:4)
  16 plants
  3 toadstools (D:4)
32 creatures vanquished.

Grand Total: 1126 creatures vanquished

Notes
Turn   | Place    | Note
-------+----------+-------------------------------------------
     0 | D:1      | mireikiritani the Formicid Fighter began the quest for the
                  | Orb.
     0 | D:1      | Reached XP level 1. HP: 18/18 MP: 1/1
    44 | D:1      | Reached XP level 2. HP: 18/24 MP: 2/2
   500 | D:1      | Reached XP level 3. HP: 23/29 MP: 3/3
  1173 | D:2      | Reached skill level 3 in Axes
  1186 | D:2      | Reached XP level 4. HP: 15/35 MP: 4/4
  1834 | D:2      | Found a blossoming altar of Fedhas.
  1870 | D:2      | Reached XP level 5. HP: 42/42 MP: 5/5
  2060 | D:2      | Found a runed translucent door.
  2061 | D:2      | Noticed Crazy Yiuf
  2154 | D:2      | Found a radiant altar of Vehumet.
  2157 | D:2      | Found a bloodstained altar of Trog.
  2227 | D:2      | Found a stormy altar of Qazlal.
  2637 | D:2      | Reached skill level 4 in Axes
  2712 | D:2      | Became a worshipper of Qazlal Stormbringer
  3221 | D:3      | Reached XP level 6. HP: 38/48 MP: 6/6
  3796 | D:3      | Found an iron altar of Okawaru.
  3872 | D:3      | Reached skill level 5 in Shields
  3921 | D:3      | Reached skill level 5 in Axes
  3921 | D:3      | Reached XP level 7. HP: 53/54 MP: 7/7
  4034 | D:3      | Reached * piety under Qazlal
  4118 | D:3      | Found a shimmering altar of Xom.
  4772 | D:4      | Noticed Pikel
  4795 | D:4      | Killed Pikel
  4795 | D:4      | Reached skill level 6 in Axes
  4795 | D:4      | Reached skill level 5 in Armour
  4795 | D:4      | Reached XP level 8. HP: 59/61 MP: 8/8
  4855 | D:4      | Found a white marble altar of Elyvilon.
  4888 | D:4      | Found a shimmering blue altar of Sif Muna.
  5135 | D:4      | Found a hide-covered altar of Uskayaw.
  5215 | D:5      | Entered Level 5 of the Dungeon
  5580 | D:5      | Reached skill level 7 in Axes
  5583 | D:5      | Reached skill level 5 in Fighting
  5909 | D:5      | Reached ** piety under Qazlal
  5955 | D:5      | Reached XP level 9. HP: 68/68 MP: 9/9
  6556 | D:2      | Killed Crazy Yiuf
  6728 | D:6      | Reached skill level 8 in Axes
  6734 | D:6      | Reached skill level 1 in Throwing
  6780 | D:6      | Found a shadowy altar of Dithmenos.
  6925 | D:6      | Found an ancient bone altar of Kikubaaqudgha.
  6971 | D:6      | Found a shattered altar of Ashenzari.
  7162 | D:6      | Found a shimmering blue altar of Sif Muna.
  7295 | D:6      | Reached *** piety under Qazlal
  7300 | D:6      | Reached skill level 1 in Invocations
  7577 | D:7      | Reached skill level 9 in Axes
  7677 | D:7      | Noticed a hippogriff
  7689 | D:7      | Killed a hippogriff
  7689 | D:7      | Reached XP level 10. HP: 54/76 MP: 8/12
  8158 | D:7      | Found a staircase to the Ecumenical Temple.
  8158 | D:7      | Noticed Harold
  8172 | D:7      | Killed Harold
  8172 | D:7      | Reached skill level 10 in Axes
  8455 | D:8      | Reached **** piety under Qazlal
  8816 | D:8      | Noticed a cyclops
  8829 | D:8      | Killed a cyclops
  8829 | D:8      | Reached skill level 5 in Invocations
  8837 | D:8      | Reached XP level 11. HP: 67/84 MP: 11/14
  8929 | D:8      | Found a sand-covered staircase.
  8939 | Ossuary  | Entered an ossuary
  9401 | D:8      | Noticed a cyan ugly thing
  9423 | D:8      | Killed a cyan ugly thing
  9438 | D:8      | Reached skill level 11 in Axes
  9619 | D:8      | Got an ebony hand axe
  9620 | D:8      | Identified the +6 hand axe "Gifiat" {flame, rElec Int+4}
                  | (You found it on level 8 of the Dungeon)
  9937 | D:8      | Noticed a ghost moth
  9937 | D:8      | Noticed a centaur warrior
  9938 | D:8      | Noticed an unseen horror
  9939 | D:8      | Noticed an eight-headed hydra
 10037 | D:8      | Noticed a lindwurm
 10042 | D:8      | Noticed a green ugly thing
 10043 | D:8      | Noticed a stone giant
 10097 | D:8      | Gained mutation: You are frail. (-10% HP) [potion of
                  | mutation]
 10097 | D:8      | Gained mutation: You are clumsy. (Dex -2) [potion of
                  | mutation]
 10097 | D:8      | Gained mutation: Potions are less effective at restoring
                  | your health. [potion of mutation]
 10097 | D:8      | Gained mutation: You have large cloven feet. [potion of
                  | mutation]
 10098 | D:8      | Lost mutation: You are frail. (-10% HP) [potion of
                  | mutation]
 10098 | D:8      | Lost mutation: You have large cloven feet. [potion of
                  | mutation]
 10098 | D:8      | Lost mutation: Potions are less effective at restoring your
                  | health. [potion of mutation]
 10098 | D:8      | Gained mutation: Your mind is acute. (Int +2) [potion of
                  | mutation]
 10098 | D:8      | Gained mutation: You have sharp toenails. [potion of
                  | mutation]
 10098 | D:8      | Gained mutation: Your spells are a little harder to cast,
                  | but a little more powerful. [potion of mutation]
 10099 | D:8      | Lost mutation: You have sharp toenails. [potion of
                  | mutation]
 10099 | D:8      | Lost mutation: You are clumsy. (Dex -2) [potion of
                  | mutation]
 10099 | D:8      | Lost mutation: Your mind is acute. (Int +2) [potion of
                  | mutation]
 10099 | D:8      | Gained mutation: You are partially covered in large bone
                  | plates. (SH +4) [potion of mutation]
 10099 | D:8      | Gained mutation: Your muscles are strong. (Str +2) [potion
                  | of mutation]
 10100 | D:8      | Lost mutation: Your spells are a little harder to cast, but
                  | a little more powerful. [potion of mutation]
 10100 | D:8      | Lost mutation: You are partially covered in large bone
                  | plates. (SH +4) [potion of mutation]
 10100 | D:8      | Lost mutation: Your muscles are strong. (Str +2) [potion of
                  | mutation]
 10100 | D:8      | Gained mutation: Armour fits poorly on your strangely
                  | shaped body. [potion of mutation]
 10100 | D:8      | Gained mutation: You are dopey. (Int -2) [potion of
                  | mutation]
 10100 | D:8      | Lost mutation: You are dopey. (Int -2) [potion of mutation]
 10163 | D:9      | Reached ***** piety under Qazlal
 10166 | D:9      | Noticed Erolcha
 10171 | D:9      | Found a staircase to the Lair.
 10181 | D:9      | Killed Erolcha
 10471 | D:9      | Found a basalt altar of Yredelemnul.
 10991 | D:10     | Entered Level 10 of the Dungeon
 11063 | D:10     | Found a runed translucent door.
 11064 | D:10     | Noticed a frost giant
 11064 | D:10     | Noticed Gruesome's ghost (journeyman OpFi)
 11394 | D:10     | Found a sparkling altar of Nemelex Xobeh.
 11457 | D:10     | Reached XP level 12. HP: 46/94 MP: 9/16
 11712 | D:10     | Found a glowing silver altar of Zin.
 12050 | D:10     | Found a staircase to the Orcish Mines.
 12414 | D:11     | Reached skill level 12 in Axes
 12516 | D:11     | Noticed an eight-headed hydra
 12524 | D:11     | Killed a two-headed hydra
 13018 | D:11     | Noticed a four-headed hydra
 13027 | D:11     | Killed a one-headed hydra
 13519 | D:12     | Noticed Kirke
 13538 | D:12     | Killed Kirke
 13538 | D:12     | Reached skill level 10 in Fighting
 13538 | D:12     | Reached skill level 10 in Armour
 13693 | D:12     | Reached XP level 13. HP: 90/103 MP: 18/18
 13817 | D:12     | Found Gyoh's Gadget Shoppe.
 14053 | D:12     | Reached ****** piety under Qazlal
 14082 | D:12     | Found Rofako's Antique Armour Boutique.
 14090 | D:12     | Bought a pair of embroidered boots for 165 gold pieces
 14090 | D:12     | Bought a slimy chain mail for 209 gold pieces
 14100 | D:12     | Identified the +7 chain mail of Xoderull {rElec} (You
                  | bought it in a shop on level 12 of the Dungeon)
 14456 | D:12     | Found an ornate altar of the Wu Jian Council.
 14607 | D:12     | Found Ruges's Assorted Antiques.
 14616 | D:12     | Bought a scroll labeled JIAMOE RATOIVUGH for 17 gold pieces
 14616 | D:12     | Bought a potion of mutation for 136 gold pieces
 14617 | D:12     | Lost mutation: Armour fits poorly on your strangely shaped
                  | body. [potion of mutation]
 14617 | D:12     | Gained mutation: You are partially covered in molten
                  | scales. (AC +2) [potion of mutation]
 14617 | D:12     | Gained mutation: You are frail. (-10% HP) [potion of
                  | mutation]
 14617 | D:12     | Gained mutation: Your mind is acute. (Int +2) [potion of
                  | mutation]
 14899 | D:12     | Reached skill level 13 in Axes
 15370 | D:12     | Reached skill level 5 in Throwing
 15968 | D:13     | Noticed Sonja
 15971 | D:13     | Killed Sonja
 16263 | D:13     | Noticed a centaur warrior
 16269 | D:13     | Killed a centaur warrior
 16414 | D:13     | Noticed Rupert
 16428 | D:13     | Killed Rupert
 16623 | D:13     | Reached XP level 14. HP: 101/101 MP: 20/20
 17091 | D:13     | Lost mutation: You are frail. (-10% HP) [potion of
                  | mutation]
 17091 | D:13     | Lost mutation: Your mind is acute. (Int +2) [potion of
                  | mutation]
 17091 | D:13     | Lost mutation: You are partially covered in molten scales.
                  | (AC +2) [potion of mutation]
 17091 | D:13     | Gained mutation: Armour fits poorly on your strangely
                  | shaped body. [potion of mutation]
 17091 | D:13     | Gained mutation: You have sharp fingernails. [potion of
                  | mutation]
 17390 | D:14     | Reached skill level 14 in Axes
 17561 | D:14     | Found a gate to the Vaults.
 18141 | D:15     | Entered Level 15 of the Dungeon
 18181 | D:15     | Found a staircase to the Depths.
 18185 | D:15     | Noticed a fire giant
 18565 | D:15     | Killed a fire giant
 18918 | D:15     | Reached skill level 10 in Invocations
 19673 | Lair:1   | Entered Level 1 of the Lair of Beasts
 19863 | Lair:1   | Got a bloodstained ring mail
 19898 | Lair:1   | You are sucked into a shaft and drop 1 floor!
 19898 | Lair:2   | Noticed Urug
 20416 | Lair:1   | Lost mutation: Armour fits poorly on your strangely shaped
                  | body. [potion of mutation]
 20416 | Lair:1   | Lost mutation: You have sharp fingernails. [potion of
                  | mutation]
 20416 | Lair:1   | Gained mutation: Armour fits poorly on your strangely
                  | shaped body. [potion of mutation]
 20416 | Lair:1   | Gained mutation: You expend magic power (3 MP) to
                  | strengthen your wands. [potion of mutation]
 20417 | Lair:1   | Gained mutation: You are clumsy. (Dex -2) [potion of
                  | mutation]
 20417 | Lair:1   | Gained mutation: You evolve. [potion of mutation]
 20428 | Lair:1   | Identified the +3 ring mail "Raegibul" {*Corrode rC++
                  | Regen+ Slay+3} (You found it on level 1 of the Lair of
                  | Beasts)
 20470 | Lair:2   | Reached XP level 15. HP: 121/122 MP: 22/22
 20590 | Lair:2   | Found a hole to the Spider Nest.
 20640 | Lair:2   | Killed Urug
 20734 | Lair:2   | Found a staircase to the Shoals.
 21312 | Lair:3   | Found a runed translucent door.
 21312 | Lair:3   | Found a shimmering altar of Xom.
 21312 | Lair:3   | Noticed Wiebster667's ghost (journeyman MiFi)
 22601 | Lair:4   | Gained mutation: Your spells are a little harder to cast,
                  | but a little more powerful. [evolution]
 22650 | Lair:4   | Got a faintly humming plate armour
 22651 | Lair:4   | Identified the +10 plate armour of the Beggar {Dex+2} (You
                  | found it on level 4 of the Lair of Beasts)
 22943 | Lair:5   | Reached skill level 15 in Axes
 23085 | Lair:5   | Found a runed translucent door.
 23085 | Lair:5   | Found a viscous altar of Jiyva.
 23087 | Lair:5   | Found a staircase to the Slime Pits.
 23429 | Lair:6   | Entered Level 6 of the Lair of Beasts
 23566 | Lair:6   | Found a gate leading to a gauntlet.
 23575 | Gauntlet | Entered a Gauntlet
 23575 | Gauntlet | Found a transporter.
 23575 | Gauntlet | Found a transporter.
 23590 | Gauntlet | Found a transporter.
 23591 | Gauntlet | Found a transporter.
 23601 | Gauntlet | Found a transporter.
 23606 | Gauntlet | Found a transporter.
 23609 | Gauntlet | Found a transporter.
 23629 | Gauntlet | Found a transporter.
 23650 | Gauntlet | Found a transporter.
 23651 | Gauntlet | Found a transporter.
 23662 | Gauntlet | Found a transporter.
 23678 | Gauntlet | Found a transporter.
 23699 | Gauntlet | Found a runed translucent door.
 23907 | Gauntlet | Got a pair of faintly glowing gloves
 23928 | Gauntlet | Identified the +0 pair of gloves "Zidinea" {+Blink rElec}
                  | (You found it in a Gauntlet)
 23941 | Gauntlet | Got a coiled platinum ring
 23943 | Gauntlet | Identified the ring of Sovereignty {Int+2 SInv} (You found
                  | it in a Gauntlet)
 24432 | Lair:6   | Found a runed translucent door.
 24561 | Lair:6   | Reached XP level 16. HP: 123/134 MP: 24/24
 25107 | Orc:1    | Entered Level 1 of the Orcish Mines
 25107 | Orc:1    | Noticed Fannar
 25107 | Orc:1    | Noticed Josephine
 25112 | Orc:1    | Killed Josephine
 25115 | Orc:1    | Noticed Nergalle
 25141 | D:10     | Killed Fannar
 25189 | Orc:1    | Killed Nergalle
 25233 | Orc:1    | Found a frozen archway.
 25320 | IceCv    | Entered an ice cave
 25574 | IceCv    | Reached skill level 16 in Axes
 26078 | Orc:2    | Entered Level 2 of the Orcish Mines
 26079 | Orc:2    | Noticed Saint Roka
 26118 | Orc:2    | Killed Saint Roka
 26505 | Orc:2    | Found a staircase to the Elven Halls.
 26539 | Orc:2    | Noticed Maurice
 26549 | Orc:2    | Killed Maurice
 26716 | Orc:2    | Reached skill level 15 in Fighting
 26738 | Orc:2    | Found a roughly hewn altar of Beogh.
 27362 | Orc:2    | Found Feugriwn's Magic Scroll Shoppe.
 27362 | Orc:2    | Found Itaaxeydeh's Food Boutique.
 27364 | Orc:2    | Found Dianarimp's Food Shop.
 27366 | Orc:2    | Found Taghuim's Armour Emporium.
 27370 | Orc:2    | Bought a scroll of immolation for 45 gold pieces
 27370 | Orc:2    | Bought 2 scrolls of immolation for 91 gold pieces
 27465 | Orc:2    | Lost mutation: You are clumsy. (Dex -2) [evolution]
 27486 | Orc:2    | Bought a +0 cloak of magic resistance for 161 gold pieces
 27717 | Spider:1 | Entered Level 1 of the Spider Nest
 28641 | Spider:2 | Reached XP level 17. HP: 135/142 MP: 25/25
 28949 | Spider:2 | Reached skill level 17 in Axes
 29795 | Spider:2 | Found a large runed translucent door.
 29796 | Spider:2 | Found a large runed translucent door.
 29800 | Spider:2 | Noticed bmfx's ghost (adept OgEn)
 30006 | Spider:2 | Learned a level 5 spell: Borgnjor's Vile Clutch
 30025 | Spider:2 | Killed bmfx's ghost
 31584 | Spider:2 | Gained mutation: You are covered in fur. (AC +1)
                  | [evolution]
 32997 | Spider:4 | Entered Level 4 of the Spider Nest
 33000 | Spider:4 | Noticed Mara
 33010 | Spider:4 | Noticed mireikiritani's illusion
 33021 | Spider:4 | Killed Mara
 33038 | Spider:4 | Reached XP level 18. HP: 86/153 MP: 26/26
 33249 | Spider:4 | Reached skill level 15 in Armour
 33350 | Spider:4 | Reached skill level 18 in Axes
 34268 | Spider:4 | HP: 2/154 [emperor scorpion (7)]
 34268 | Spider:4 | Demolished by an emperor scorpion

Levels and vault maps discovered:
D:1:      psy_arrival_radial01, layout_loops_ring
D:2:      layout_loops_ring, lemuel_doored_altar, grunt_qazlal_sundering,
          chequers_temple_overflow_statue_of_worship, first_ration,
          minmay_vboxes, uniq_crazy_yiuf_cottage
D:3:      layout_basic, okawaru_altar_gauntlet_db, led_xom_imps
D:4:      layout_loops_ring, elyvilon_altar_3, overflow_temple_1_default,
          old_standard_altar, minmay_gold_behind_fungi, uniq_pikel
D:5:      layout_loops_cross
D:6:      layout_cave_pools, kiku_gazebo_pond_becter,
          nicolae_overflow_crystal_walls, lemuel_round_altar, chequers_jeans,
          led_sif_pool
D:7:      layout_rooms, minmay_temple_entry_fiery, kennysheep_generic_room_9,
          uniq_harold
D:8:      minmay_the_grid_triangle_9x9_rhombus_thin
          [minmay_the_grid_triangle_9x9_checkered,
          minmay_the_grid_triangle_9x9_prize_center,
          minmay_the_grid_triangle_9x9_descending_squares,
          minmay_the_grid_triangle_9x9_zippers_horizontal], layout_loops_ring,
          nicolae_ossuary_entry_giza, hangedman_pestilent_swarm,
          onia_ninara_dug_in_and_dangerous
D:9:      layout_basic, nicolae_overflow_hidden_temple, erik_lair_island,
          serial_glass, glass_columns_c, glass_columns_c, bh_walls_and_bars,
          uniq_erolcha
D:10:     layout_long_grid, erik_orc_2, basic_altar, ebering_ghost_inner_flame,
          minivault_25_ag, lemuel_altar_in_water
D:11:     layout_grid_maze, serial_glass, glass_columns_a, glass_columns_a
D:12:     layout_irregular_city, basic_altar, serial_shops,
          nicolae_shop_overgrown_old_shop, nicolae_shop_behind_doors, shop,
          minmay_rotating_lava, uniq_kirke
D:13:     layout_basic, uniq_rupert, uniq_sonja
D:14:     layout_long_grid, grunt_vaults_entry_fortified, serial_ice,
          serial_ice_e, serial_ice_f, serial_ice_b, serial_ice_n,
          kennysheep_generic_room_6
D:15:     grunt_enter_depths_giant_problem, layout_basic,
          chequers_serial_rivers_room_b
Lair:1:   layout_regular_city, grunt_megastairs_4
Lair:2:   layout_gridlike, shoals_dummy_entry,
          nicolae_spider_entry_orb_guardian, st_stairs_13,
          serial_bayou_lagoon_a, chequers_serial_rivers_room_b,
          infiniplex_staircase_pool_2, uniq_urug
Lair:3:   layout_regular_city, ebering_ghost_xom, serial_bayou_lagoon_b,
          serial_bayou_shore_a
Lair:4:   layout_regular_city
Lair:5:   layout_concentric_octagons, slime_altar_2, cheibrodos_lair_reptile_den
Lair:6:   wormcave, layout_misc_corridors, guppyfry_lair_end_dragon,
          gauntlet_entry_generic, lemuel_fruit_tree
Spider:1: layout_spider_delve
Spider:2: layout_chambers, ebering_ghost_disaster_area, drop_trap
Spider:3: spiders_nest_a
Spider:4: spider_rune_water, guppyfry_spider_mini_1, uniq_mara
Orc:1:    layout_caves, portal_ice_cave_entry_pillars_2, uniq_fannar,
          uniq_nergalle, uniq_josephine
Orc:2:    st_orc_rangers, layout_diamond_mine, basic_altar, uniq_maurice,
          uniq_saint_roka

Skill      XL: |  1  2  3  4  5  6  7  8  9 10 11 12 13 14 15 16 17 18 |
---------------+-------------------------------------------------------+-----
Shields        | 4 5 6 8 9 |  9.0
Axes           | 3 4 5 6 7 9 10 11 12 13 14 15 16 17 18 | 18.2
Armour         | 4 5 6 7 8 10 11 12 13 14 15 | 15.2
Fighting       | 4 5 6 7 8 10 11 12 14 15 16 17 | 17.1
Throwing       | 1 2 3 4 5 6 7 |  7.5
Invocations    | 2 5 6 8 10 | 10.8
Evocations     | |  0.6

Action                   |  1- 3 |  4- 6 |  7- 9 | 10-12 | 13-15 | 16-18 || total
-------------------------+-------+-------+-------+-------+-------+-------++-------
Melee: War axe           |   122 |   196 |   444 |    59 |   160 |       ||   981
       Hand axe          |       |       |       |   517 |   668 |       ||  1185
       Unarmed           |       |       |       |     1 |       |       ||     1
       Battleaxe         |       |       |       |       |   282 |   869 ||  1151
Throw: Boomerang         |       |       |    14 |    20 |    23 |    33 ||    90
       Dart              |       |       |       |    43 |    46 |   122 ||   211
Invok: Elemental Force   |       |       |       |     2 |     3 |     3 ||     8
       Disaster Area     |       |       |       |       |       |     1 ||     1
 Abil: Dig               |       |       |       |     1 |       |     1 ||     2
Evoke: Wand              |       |       |       |       |     5 |       ||     5
  Use: Potion            |       |     2 |       |     4 |     5 |     5 ||    16
       Scroll            |       |       |     7 |    16 |    16 |     6 ||    45
 Stab: Paralysed         |       |       |       |       |     3 |       ||     3
       Distracted        |       |       |       |       |     2 |     1 ||     3
  Eat: Chunk             |     1 |     9 |    13 |    16 |    26 |    14 ||    79
       Ration            |       |       |       |     1 |     3 |     5 ||     9
Armor: Scale mail        |    61 |    77 |    53 |       |       |       ||   191
       Chain mail        |       |       |   107 |    73 |   156 |       ||   336
       Plate armour      |       |       |       |    58 |   119 |   496 ||   673
       Skin              |       |       |       |       |     4 |       ||     4
Dodge: Dodged            |    41 |    75 |   106 |    86 |   181 |   268 ||   757
       Deflected         |       |       |       |     4 |    18 |     9 ||    31
Block: Shield            |    70 |   107 |   294 |   380 |   765 |   935 ||  2551

Table legend:
 A = Non-vault XP
 B = Vault XP
 C = Vault XP percentage of total XP
 D = Non-vault monster count
 E = Vault monster count
 F = Vault count percentage of total count
                 A         B        C        D         E       F
            +---------+---------+-------+---------+---------+-------
      Total |  119847 |  109107 |  47.7 |     731 |     360 |  33.0
            +---------+---------+-------+---------+---------+-------
        D:1 |      53 |       0 |   0.0 |      31 |       0 |   0.0
        D:2 |     160 |      76 |  32.2 |      30 |      10 |  25.0
        D:3 |     290 |     180 |  38.3 |      31 |       8 |  20.5
        D:4 |     202 |     619 |  75.4 |      15 |       2 |  11.8
        D:5 |     762 |       0 |   0.0 |      27 |       0 |   0.0
        D:6 |     708 |       0 |   0.0 |      16 |       0 |   0.0
        D:7 |    1496 |    1061 |  41.5 |      45 |       2 |   4.3
        D:8 |    2268 |    2585 |  53.3 |      41 |      19 |  31.7
        D:9 |    1693 |    1709 |  50.2 |      29 |       8 |  21.6
       D:10 |    1536 |    1592 |  50.9 |      17 |      22 |  56.4
       D:11 |    5976 |       0 |   0.0 |      35 |       0 |   0.0
       D:12 |    5383 |    8886 |  62.3 |      36 |      18 |  33.3
       D:13 |    6580 |    3129 |  32.2 |      31 |       2 |   6.1
       D:14 |    3975 |    9446 |  70.4 |      11 |      19 |  63.3
       D:15 |    8128 |    1835 |  18.4 |      31 |       1 |   3.1
     Lair:1 |    2256 |     445 |  16.5 |      11 |       2 |  15.4
     Lair:2 |    2386 |    1585 |  39.9 |      18 |       3 |  14.3
     Lair:3 |    1427 |       0 |   0.0 |      10 |       0 |   0.0
     Lair:4 |    3583 |       0 |   0.0 |      11 |       0 |   0.0
     Lair:5 |    5913 |     897 |  13.2 |      21 |       5 |  19.2
     Lair:6 |    8979 |    8972 |  50.0 |      35 |      27 |  43.5
   Spider:1 |   12367 |       0 |   0.0 |      36 |       0 |   0.0
   Spider:2 |   18186 |    7702 |  29.8 |      49 |      11 |  18.3
   Spider:3 |    9523 |   10687 |  52.9 |      33 |      49 |  59.8
   Spider:4 |   10411 |   24121 |  69.9 |      31 |      42 |  57.5
      Orc:1 |    3664 |    1804 |  33.0 |      25 |       5 |  16.7
      Orc:2 |    1942 |   12536 |  86.6 |      25 |      52 |  67.5
    Ossuary |       0 |     239 | 100.0 |       0 |      12 | 100.0
      IceCv |       0 |    5187 | 100.0 |       0 |      28 | 100.0
   Gauntlet |       0 |    3814 | 100.0 |       0 |      13 | 100.0
            +---------+---------+-------+---------+---------+-------
